 Dungeon Crawl Stone Soup version 0.23-a0-899-gbbae0a3 (webtiles) character file.

Game seed: 12571035292432942939

72 ohad the Cudgeler (level 4, -2/48 HPs)
             Began as an Ogre Berserker on Jan 29, 2019.
             Was a Believer of Trog.
             Slain by Sigmund
             ... wielding a +0 scythe
              (7 damage)
             ... on level 2 of the Dungeon.
             The game lasted 00:03:09 (1641 turns).

ohad the Cudgeler (Ogre Berserker)                  Turns: 1641, Time: 00:03:10

Health: -2/48      AC:  3    Str: 21    XL:     4   Next: 26%
Magic:  4/4        EV: 10    Int:  8    God:    Trog [**....]
Gold:   37         SH:  0    Dex:  9    Spells: 3/3 levels left

rFire    . . .     SeeInvis .   g - +1 whip (flame)
rCold    . . .     Gourm    .   (no shield)
rNeg     . . .     Faith    .   b - +0 animal skin
rPois    .         Spirit   .   (helmet restricted)
rElec    .         Reflect  .   (no cloak)
rCorr    .         Harm     .   (gloves unavailable)
MR       ++...                  (boots unavailable)
Stlth    +.........             (no amulet)
HPRegen  1.16/turn              (no ring)
MPRegen  0.09/turn              (no ring)

@: berserk cooldown, regenerating, slowed, very slow
A: large, unfitting armour, tough skin 1
a: Berserk, Trog's Hand, Renounce Religion


You were on level 2 of the Dungeon.
You worshipped Trog.
Trog was pleased with you.
You were very hungry.

You visited 1 branch of the dungeon, and saw 2 of its levels.

You collected 37 gold pieces.

Inventory:

Hand Weapons
 a - a +0 mace
 g - a +1 whip of flaming (weapon)
Armour
 b - a +0 animal skin (worn)
Scrolls
 e - a scroll of enchant armour {unknown}
 h - a scroll of enchant weapon {unknown}
Potions
 d - a potion of heal wounds {unknown}
 f - a potion of resistance {unknown}
 i - a potion of might {unknown}
Comestibles
 c - 5 rations


   Skills:
 - Level 4.0 Fighting
 + Level 4.5 Maces & Flails
 - Level 2.6 Dodging


You had 3 spell levels left.
You didn't know any spells.
Your spell library was empty.

Dungeon Overview and Level Annotations

Branches:
Dungeon (2/15)

Altars:
Ashenzari

Annotations:
D:2 Sigmund


Innate Abilities, Weirdness & Mutations

You are too large for most types of armour.
You have tough skin. (AC +1)


Message History

You are exhausted.
You feel yourself slow down. Something hits you.
You bump into the rock wall.
Something hits you.
You closely miss something. Something hits you!
You're too confused to move!
Something completely misses you.
You miss something.
You bump into the rock wall.
Something hits you. Something hits you!
You bump into the rock wall.
You feel less confused. Something hits you.
* * * LOW HITPOINT WARNING * * *
Something hits you!
* * * LOW HITPOINT WARNING * * *
You closely miss something. Something hits you.
* * * LOW HITPOINT WARNING * * *
Your skin crawls.
You feel resistant to hostile enchantments.
You feel quite a bit more hungry. Something hits you!
You die...

.........##.##.#.#.....
..##......##.##.#.#####. ..
. #########.##.#.#..... ♣..
#.##.#.#.###. ..@.
#.##.#...)... .._.###
#######.##.####.### .......
...................
..#....########.##.#####.##
.......+.{@.....##.........
#.......################.##
#......## #.# #.....#
######.## #....# #.....<..
#...# #........ #..#
#........ ### #....÷... ..
..( #........


There were no monsters in sight!

Vanquished Creatures
  2 adders (D:2)
  An ooze (D:1)
  A worm (D:2)
  A dart slug (D:1)
  A leopard gecko (D:1)
  7 bats
  2 giant cockroaches (D:1)
  2 goblins (D:1)
  5 hobgoblins
  4 jackals (D:1)
  A quokka (D:2)
  2 frilled lizards (D:1)
  7 kobolds (D:1)
  4 rats (D:1)
40 creatures vanquished.

Notes
Turn   | Place    | Note
-------+----------+-------------------------------------------
     0 | D:1      | ohad the Ogre Berserker began the quest for the Orb.
     0 | D:1      | Reached XP level 1. HP: 24/24 MP: 1/1
   193 | D:1      | Reached XP level 2. HP: 25/32 MP: 2/2
   470 | D:1      | Reached XP level 3. HP: 22/39 MP: 3/3
   619 | D:1      | Reached ** piety under Trog
  1266 | D:2      | Reached XP level 4. HP: 23/48 MP: 4/4
  1495 | D:2      | Found a faded altar of an unknown god.
  1614 | D:2      | Found a shattered altar of Ashenzari.
  1614 | D:2      | Noticed Sigmund
  1641 | D:2      | Slain by Sigmund

Vault maps used:
D:1:      lemuel_arrival_cross, minmay_pentomino_v4
D:2:      grunt_temple_overflow_open, chequers_ecumenical_altar_simple,
          nicolae_ashenzari_panopticon, uniq_sigmund

Skill      XL: |  1  2  3 |
---------------+----------+-----
Maces & Flails | 3 4 |  4.5
Fighting       | |  4.0
Dodging        | |  2.6

Action                   |  1- 3 |  4- 6 || total
-------------------------+-------+-------++-------
Melee: Mace              |    22 |       ||    22
       Whip              |    98 |    11 ||   109
Invok: Berserk           |       |     1 ||     1
       Trog's Hand       |       |     1 ||     1
 Stab: Sleeping          |       |     1 ||     1
  Eat: Chunk             |     1 |     1 ||     2
Armor: Animal skin       |    50 |       ||    50
Dodge: Dodged            |    81 |     6 ||    87

Table legend:
 A = Non-vault XP
 B = Vault XP
 C = Vault XP percentage of total XP
 D = Non-vault monster count
 E = Vault monster count
 F = Vault count percentage of total count
                 A         B        C        D         E       F
            +---------+---------+-------+---------+---------+-------
      Total |     102 |       2 |   1.9 |      38 |       2 |   5.0
            +---------+---------+-------+---------+---------+-------
        D:1 |      64 |       2 |   3.0 |      32 |       2 |   5.9
        D:2 |      38 |       0 |   0.0 |       6 |       0 |   0.0
            +---------+---------+-------+---------+---------+-------
